Map: Ruins of Seras

Players

wabbajack - Winner!

  • Race: Zerg Zerg
  • League: Grandmaster

GHW

  • Race: Zerg Zerg
  • League: Bronze

VOD

Have the link to the VOD?

Description

Time

  • Played on: July 15, 2015, 11:14 p.m.
  • Length: 6:36
Show
View Real Time Build Order
Export as new Build Order

wabbajack Zerg - Winner!

Build Orders: Hatch First 

Get SALT Encoding   

  12  0:01  Drone  
  13  0:13  Overlord  
  13  0:18  Drone  
  14  0:25  Drone, Extractor  
  15  0:31  Drone  
  16  0:36  Drone  
  17  0:55  Hatchery  
  16  1:00  Extractor  
  16  1:01  Drone x2  
  17  1:15  Spawning Pool  
  16  1:19  Drone  
  16  1:22  Drone  
  18  1:33  Overlord  
  18  1:41  Drone  
  19  1:53  Drone  
  20  2:03  Metabolic Boost  
  20  2:06  Queen  
  20  2:07  Queen  
  24  2:16  Drone x3  
  24  2:19  Drone  
  28  2:29  Roach Warren  
  27  2:32  Drone  
  28  2:43  Drone  
  28  2:44  Drone  
  30  2:47  Overlord  
  30  2:48  Overlord  
  30  3:10  Roach x2  
  34  3:17  Roach x5  
  34  3:18  Roach  
  46  3:22  Overlord  
  48  3:27  Roach  
  48  3:36  Roach  
  50  3:54  Zergling x2  
  50  3:55  Zergling x12  
  57  3:56  Zergling x2  
  57  3:58  Overlord  
  57  4:00  Overlord  
  58  4:04  Roach  
  58  4:27  Extractor  
  57  4:37  Ravager  
  58  4:40  Ravager  
  58  4:41  Zergling x18  
  58  4:42  Zergling x6  
  71  5:06  Ravager  
  72  5:14  Overlord x2  
  72  5:19  Zergling x8  
  75  5:29  Hatchery  
  58  5:43  Zergling x20  
  58  5:44  Zergling x6  
  60  6:04  Zergling x6  
  58  6:14  Ravager  
  57  6:18  Zergling x2  
  57  6:19  Zergling x4  
Show
View Real Time Build Order
Export as new Build Order

GHW Zerg 

Build Orders: Pool First 

Get SALT Encoding   

  12  0:07  Overlord  
  12  0:12  Drone  
  13  0:17  Drone  
  14  0:25  Drone  
  15  0:29  Drone  
  16  0:40  Drone  
  17  0:49  Spawning Pool  
  16  0:51  Drone  
  17  1:12  Hatchery  
  17  1:15  Drone  
  17  1:19  Drone  
  17  1:24  Overlord  
  18  1:33  Drone  
  18  1:37  Queen  
  21  1:43  Extractor  
  21  1:45  Drone  
  21  1:55  Drone  
  22  2:11  Drone  
  22  2:14  Queen  
  25  2:16  Drone  
  26  2:24  Queen  
  26  2:25  Overlord  
  26  2:27  Drone  
  29  2:37  Drone  
  29  2:39  Drone, Spine Crawler  
  30  2:44  Spine Crawler  
  30  2:47  Drone  
  30  2:48  Drone  
  31  2:55  Drone x3  
  34  3:00  Drone  
  34  3:03  Drone  
  36  3:06  Overlord  
  36  3:16  Drone  
  37  3:21  Drone x2  
  37  3:22  Drone  
  37  3:24  Spine Crawler  
  39  3:28  Drone x3  
  42  3:38  Spine Crawler  
  41  3:48  Drone x7  
  48  3:56  Spine Crawler  
  47  4:16  Spine Crawler x2  
  45  4:18  Spine Crawler  
  45  4:20  Extractor x2  
  45  4:21  Drone x3, Spine Crawler  
  45  4:22  Drone, Extractor  
  44  4:34  Drone  
  44  4:35  Drone x2  
  44  4:36  Drone x2  
  50  4:38  Drone  
  50  4:43  Overlord x2  
  50  4:48  Lair  
  50  5:08  Drone x4  
  54  5:15  Spine Crawler x2  
  52  5:26  Overlord  
  52  5:27  Spine Crawler  
  51  5:29  Spine Crawler  
  51  5:32  Zergling x22  
  59  5:42  Zergling x2  
  58  5:57  Zergling x18  
  61  6:11  Zergling x6  
Tags
 
Add a new tag
Caveats
  • Supply blocks, unpowered buildings, or Contaminate may cause inaccurate times.
  • Supply counts are checked every 10 seconds.